Map: Invader LE

Players

blackxored - Winner!

  • Race: Zerg Zerg
  • League: Platinum

Peclesh

  • Race: Terran Terran
  • League: Platinum

VOD

Have the link to the VOD?

Description

Time

  • Played on: June 25, 2016, 2:18 p.m.
  • Length: 23:23
Show
View Real Time Build Order
Export as new Build Order

blackxored Zerg - Winner!

Build Orders: Hatch First 

Get SALT Encoding   

  12  0:02  Drone  
  13  0:08  Drone  
  14  0:18  Overlord  
  14  0:22  Extractor  
  14  0:24  Drone  
  15  0:37  Drone x2  
  17  0:54  Hatchery  
  17  0:57  Drone  
  17  1:04  Drone  
  18  1:12  Extractor  
  18  1:13  Drone  
  18  1:21  Spawning Pool  
  18  1:23  Drone  
  18  1:28  Drone  
  19  1:38  Drone  
  20  2:03  Overlord  
  20  2:08  Queen  
  20  2:09  Queen  
  20  2:10  Zergling x4  
  20  2:13  Zergling x2  
  27  2:15  Metabolic Boost  
  28  2:22  Zergling x2  
  28  2:23  Zergling x2  
  29  2:39  Spine Crawler  
  28  2:45  Queen  
  28  2:46  Queen  
  31  3:02  Overlord  
  31  3:03  Drone x4  
  35  3:08  Overlord  
  35  3:21  Drone  
  35  3:22  Drone x3  
  39  3:33  Drone  
  39  3:34  Drone x3  
  43  3:35  Drone  
  44  3:43  Pneumatized Carapace  
  44  3:45  Drone x2  
  46  4:06  Drone x2  
  48  4:11  Hatchery  
  47  4:17  Drone x4  
  47  4:18  Drone  
  47  4:20  Overlord  
  52  4:34  Overlord  
  52  4:43  Roach Warren  
  52  4:45  Lair  
  51  4:46  Extractor x2  
  49  4:54  Drone x3  
  49  4:55  Drone  
  53  5:11  Drone  
  53  5:12  Extractor  
  53  5:13  Drone x3  
  56  5:15  Overlord  
  56  5:18  Overlord x4  
  56  5:33  Roach x5  
  56  5:35  Queen  
  68  5:43  Evolution Chamber  
  68  5:44  Evolution Chamber  
  68  5:45  Drone x4  
  68  5:46  Baneling Nest  
  68  5:48  Glial Reconstitution  
  69  5:50  Roach  
  69  5:51  Roach x3  
  77  6:10  Roach  
  77  6:11  Roach x6  
  91  6:13  Zerg Melee Weapons Level 1  
  91  6:16  Zerg Ground Armor Level 1  
  91  6:21  Drone x3  
  91  6:23  Drone  
  91  6:24  Drone  
  96  6:31  Drone  
  96  6:32  Drone x4  
  101  6:37  Centrifical Hooks  
  101  6:40  Baneling x2  
  101  6:41  Baneling x2  
  101  6:43  Overseer  
  101  6:46  Drone  
  102  6:47  Drone  
  102  6:48  Drone  
  104  7:03  Drone x2  
  104  7:05  Overlord x2  
  104  7:06  Overlord x2  
  106  7:17  Overseer  
  106  7:24  Zergling x20  
  106  7:25  Zergling x2  
  106  7:26  Zergling x4  
  119  7:36  Drone x2  
  119  7:37  Drone  
  122  7:39  Extractor  
  122  7:40  Extractor  
  120  7:57  Zergling x4  
  120  7:58  Zergling x18  
  130  8:00  Baneling x6  
  130  8:07  Baneling  
  130  8:08  Baneling x9  
  130  8:12  Hatchery  
  129  8:16  Zerg Ground Armor Level 2, Zerg Melee Weapons Level 2  
  129  8:19  Zergling x2  
  129  8:20  Zergling x14  
  136  8:39  Zergling x18  
  136  8:40  Zergling x4  
  133  8:42  Ravager x5  
  133  8:44  Baneling x8  
  135  9:03  Zergling x6  
  135  9:08  Overlord x5  
  115  9:25  Zergling x16  
  115  9:26  Zergling x8  
  125  9:34  Queen  
  127  9:47  Spire, Overseer  
  127  9:49  Zergling x6  
  127  9:50  Zergling x14  
  136  9:56  Baneling x2  
  136  9:57  Baneling x5  
  136  9:59  Hatchery  
  135  10:09  Drone  
  135  10:10  Drone x8  
  135  10:11  Drone x4  
  135  10:12  Queen  
  150  10:18  Infestation Pit, Overseer  
  149  10:22  Zergling x8  
  153  10:31  Extractor  
  153  10:32  Extractor  
  151  10:49  Drone x2  
  153  10:51  Drone  
  154  11:09  Zergling x12  
  154  11:10  Zergling x30  
  148  11:18  Zergling x6  
  148  11:19  Zergling x10  
  148  11:24  Hive  
  155  11:32  Drone  
  156  11:41  Zergling x12  
  156  11:42  Zergling x12  
  156  11:45  Extractor, Baneling x14  
  156  11:46  Extractor, Baneling x4, Hatchery  
  165  11:47  Overlord  
  165  12:13  Zergling x32  
  165  12:15  Zergling x4  
  159  12:48  Ultralisk Cavern  
  159  12:50  Drone x5  
  163  12:57  Drone  
  164  13:02  Zerg Melee Weapons Level 3  
  164  13:03  Zerg Ground Armor Level 3  
  164  13:11  Drone x2  
  166  13:15  Drone  
  166  13:16  Drone x5  
  164  13:49  Chitinous Plating  
  164  13:50  Ultralisk  
  164  13:51  Ultralisk x4  
  164  13:53  Overlord x2  
  194  14:17  Baneling  
  194  14:18  Baneling x6  
  194  14:19  Baneling  
  194  14:23  Hatchery  
  179  15:12  Ultralisk  
  179  15:13  Ultralisk x2  
  197  15:33  Baneling  
  197  15:34  Baneling x5  
  197  15:35  Hatchery  
  196  15:38  Extractor  
  196  15:40  Hatchery  
  196  15:42  Extractor  
  170  15:49  Ultralisk x5  
  186  16:30  Ultralisk x3  
  186  16:46  Overlord x7, Zerg Flyer Armor Level 1  
  186  16:58  Drone x3  
  189  17:07  Queen x2  
  193  17:11  Corruptor x3  
  199  17:38  Drone  
  179  18:02  Ultralisk x2  
  179  18:03  Ultralisk x2  
  179  18:04  Ultralisk  
  181  18:13  Corruptor x2  
  181  18:14  Corruptor x5  
  194  18:32  Overseer  
  194  18:49  Corruptor x3, Ultralisk Cavern  
  198  19:12  Extractor  
  198  19:13  Extractor  
  196  19:17  Drone  
  196  19:20  Hatchery  
  196  19:21  Extractor  
  195  19:26  Extractor x2, Drone x5  
  195  19:30  Drone  
  199  19:37  Greater Spire  
  199  20:25  Zerg Missile Weapons Level 1  
  199  20:52  Hatchery  
  199  20:53  Drone  
  199  21:16  Drone  
  199  21:18  Spawning Pool  
  187  21:57  Corruptor x9  
  137  22:25  Ultralisk x5  
  137  22:26  Ultralisk x5  
Show
View Real Time Build Order
Export as new Build Order

Peclesh Terran 

Build Orders: MMM Bio 

Get SALT Encoding   

  12  0:01  SCV  
  13  0:13  SCV  
  14  0:21  Supply Depot  
  14  0:25  SCV  
  15  0:43  SCV  
  15  0:48  Barracks  
  15  0:49  Refinery  
  16  0:55  SCV  
  17  1:07  SCV  
  18  1:19  SCV  
  19  1:35  Reaper, Orbital Command  
  19  1:37  Supply Depot  
  20  2:01  SCV  
  21  2:03  Command Center  
  21  2:07  Reaper  
  22  2:27  Bunker  
  22  2:39  Reaper  
  22  2:56  Bunker  
  22  3:07  Factory  
  22  3:09  SCV  
  22  3:10  Barracks  
  22  3:11  Barracks  
  23  3:21  SCV  
  23  3:23  Bunker, Supply Depot  
  23  3:25  Orbital Command  
  24  3:33  Refinery  
  24  3:34  Marine  
  25  3:45  SCV  
  26  3:53  SCV  
  26  3:54  Supply Depot  
  27  3:57  SCV  
  27  4:01  Barracks Reactor x2, Barracks Tech Lab  
  28  4:02  Factory Tech Lab  
  28  4:05  SCV  
  29  4:10  SCV  
  30  4:17  SCV  
  30  4:23  SCV  
  32  4:25  Siege Tank  
  32  4:26  Marauder  
  32  4:29  SCV  
  38  4:35  SCV  
  39  4:41  SCV  
  40  4:47  SCV  
  40  4:50  Marine x5  
  46  4:53  SCV  
  46  4:55  Refinery  
  46  4:57  Refinery, Siege Tank  
  46  4:59  SCV  
  51  5:06  SCV  
  52  5:07  Marine x2  
  52  5:08  Marine x3  
  57  5:15  Starport  
  57  5:16  SCV  
  57  5:18  SCV  
  59  5:38  Marine x3  
  59  5:39  Stimpack  
  62  5:45  Supply Depot  
  62  5:46  Supply Depot  
  62  5:48  Supply Depot  
  62  5:52  Marine x2  
  62  5:53  Starport Reactor  
  62  5:55  Marine  
  62  5:56  Marine x2  
  67  6:00  SCV  
  68  6:05  SCV  
  68  6:10  Marine x2  
  71  6:13  Marine  
  71  6:17  Siege Tank  
  75  6:22  SCV x2  
  77  6:30  Supply Depot, Marine x4  
  77  6:31  Supply Depot, Marine  
  77  6:32  Medivac  
  84  6:34  SCV  
  84  6:35  Medivac  
  87  6:44  SCV  
  87  6:46  SCV  
  89  6:48  Marine x4  
  89  6:49  Marine  
  94  7:06  Medivac x2  
  94  7:08  Marine x4, Marauder  
  103  7:12  Supply Depot  
  103  7:13  Supply Depot x2  
  104  7:24  Command Center  
  104  7:25  Marine  
  104  7:28  Marine x3  
  104  7:29  Marauder  
  110  7:40  Combat Shields  
  110  7:43  Marine  
  111  8:01  SCV x2  
  111  8:05  Supply Depot  
  113  8:06  Supply Depot  
  113  8:10  Engineering Bay x2, Marine x3  
  113  8:11  Marine x2  
  118  8:13  SCV x2  
  120  8:25  SCV x2  
  122  8:28  Marine x4  
  122  8:29  Marine  
  127  8:37  SCV  
  117  8:46  Marine x2  
  116  8:52  Marine x2, Marauder  
  116  8:53  Siege Tank  
  116  8:54  Medivac x2  
  127  8:56  SCV x2  
  129  9:04  Marine x2  
  129  9:08  SCV x2  
  133  9:10  Marine x2  
  133  9:14  Marauder  
  133  9:16  Barracks  
  137  9:17  Terran Infantry Weapons Level 1  
  137  9:18  Barracks  
  137  9:20  Barracks  
  137  9:21  Barracks  
  90  9:38  Marine x5  
  95  9:55  Marine  
  95  9:56  Marine x4  
  100  10:06  Barracks Reactor  
  100  10:07  Barracks Tech Lab  
  100  10:09  Barracks Reactor  
  100  10:11  Barracks Reactor  
  100  10:13  Marine  
  101  10:14  Marauder  
  101  10:16  Planetary Fortress  
  101  10:18  Missile Turret  
  103  10:22  Missile Turret  
  103  10:23  Missile Turret  
  103  10:25  Missile Turret  
  103  10:34  Marine, Marauder  
  103  10:35  Marine  
  106  10:37  Marine, Missile Turret  
  106  10:39  Marine  
  106  10:42  Missile Turret  
  109  10:46  Concussive Shells  
  109  10:48  Siege Tank  
  112  10:50  Terran Infantry Armor Level 1, Missile Turret  
  112  10:51  Missile Turret  
  112  10:55  Marine x7, Marauder x2  
  112  10:56  Marine x2  
  84  11:15  Marine  
  84  11:16  Marine x9, Marauder  
  84  11:17  Marauder  
  94  11:20  Liberator x2  
  94  11:33  Marine  
  94  11:34  Siege Tank  
  94  11:38  Marauder x2  
  94  11:39  Marine x4  
  111  11:40  Marine x3  
  115  11:57  Marine x3  
  115  11:58  Marine x7  
  115  11:59  Marauder  
  115  12:00  Marauder  
  129  12:06  Siege Tank  
  132  12:11  Armory  
  118  12:38  Siege Tank  
  118  12:43  Marine, Marauder  
  125  12:44  Marine x5, Marauder  
  125  12:45  Marine x4  
  134  13:01  Marine  
  134  13:02  Marine x5  
  134  13:03  Command Center  
  134  13:04  Marine x5  
  134  13:05  Marine  
  146  13:19  Marine x2  
  147  13:20  Marine x4  
  147  13:22  SCV x2  
  153  13:34  Marine x3  
  153  13:35  Marine x3  
  153  13:37  Marine  
  153  13:40  Supply Depot  
  160  13:41  Supply Depot  
  160  13:42  Supply Depot  
  160  13:54  Marine x2  
  160  13:55  Marine x3  
  165  14:01  Supply Depot  
  165  14:02  Marine x7  
  172  14:04  Supply Depot  
  172  14:12  Marine x5  
  177  14:19  Marine x2  
  177  14:23  Terran Infantry Armor Level 2, Terran Infantry Weapons Level 2  
  179  14:33  Liberator x2  
  171  14:54  Marine x2  
  171  14:56  Marine  
  174  15:16  Liberator x2  
  174  15:17  Marauder x2  
  174  15:18  Siege Tank  
  181  15:23  Terran Ship Weapons Level 1  
  86  15:59  Liberator  
  86  16:00  Marine x5  
  86  16:01  Marine x7  
  95  16:18  Marine x7  
  93  16:26  Liberator  
  77  16:45  Marine x2, Marauder x2  
  65  18:00  Marine x3, Marauder x2  
  55  18:35  Marine x3  
  58  18:59  Liberator  
  58  19:00  Liberator  
  58  19:13  Marauder  
  58  19:14  Marauder  
  58  19:15  Thor  
  71  19:20  Planetary Fortress  
  74  19:42  Liberator x2  
  74  19:45  Marauder x2  
  81  20:02  Thor  
  90  20:25  Liberator x2  
  86  21:03  Command Center  
  86  21:35  Marine x2  
  86  21:36  Marine x5  
  26  22:43  Orbital Command  
Tags
 
Composition
MMM Bio
Matchup
TvZ
Add a new tag
Caveats
  • Supply blocks, unpowered buildings, or Contaminate may cause inaccurate times.
  • Supply counts are checked every 10 seconds.